 Dungeon Crawl Stone Soup version 0.23.1 (webtiles) character file.

Game seed: 688647032034370701

58 Borgoz the Sneak (level 4, -3/35 HPs)
             Began as a Ghoul Enchanter on Mar 3, 2019.
             Killed from afar by an orc wizard (8 damage)
             ... with a puff of flame
             ... on level 2 of the Dungeon.
             The game lasted 00:02:21 (1958 turns).

Borgoz the Sneak (Ghoul Enchanter)                  Turns: 1958, Time: 00:02:21

Health: -3/35      AC:  4    Str: 11    XL:     4   Next: 1%
Magic:  4/6        EV: 12    Int: 10    God:
Gold:   77         SH:  0    Dex: 10    Spells: 6/7 levels left

rFire    . . .     SeeInvis .   a - +1 dagger
rCold    + . .     Gourm    .   (no shield)
rNeg     + + +     Faith    .   i - +0 leather armour
rPois    ∞         Spirit   .   (no helmet)
rElec    .         Reflect  .   (no cloak)
rCorr    .         Harm     .   (no gloves)
MR       .....                  f - +0 pair of boots
Stlth    ++........             (no amulet)
HPRegen  0.00/turn              (no ring)
MPRegen  0.10/turn              (no ring)

@: flying, rotting
A: rotting body, claws 1, carnivore, cold resistance 1, negative energy
resistance 3, inhibited regeneration, torment resistance, unbreathing
a: no special abilities


You were on level 2 of the Dungeon.
You were not hungry.

You visited 1 branch of the dungeon, and saw 2 of its levels.

You collected 77 gold pieces.

Inventory:

Hand Weapons
 a - a +1 dagger (weapon)
Missiles
 g - 3 tomahawks
 k - 13 poisoned needles
 l - a throwing net (quivered)
Armour
 f - a +0 pair of boots (worn)
 i - a +0 leather armour (worn)
Scrolls
 b - a scroll of amnesia {unknown}
 c - 2 scrolls of noise {unknown}
 j - a scroll of remove curse {unknown}
 n - a scroll of enchant weapon {unknown}
 o - a scroll of magic mapping {unknown}
 p - 4 scrolls of identify {unknown}
 q - a scroll of fog {unknown}
 r - a scroll of fear {unknown}
 t - a scroll of random uselessness {unknown}
Potions
 s - a potion of flight
Comestibles
 d - 4 rations


   Skills:
 + Level 1.0 Fighting
 * Level 1.5 Short Blades
 + Level 0.5 Throwing
 + Level 0.6 Armour
 * Level 2.2 Dodging
 + Level 3.5 Stealth
 + Level 2.0 Spellcasting
 + Level 2.6 Hexes


You had 6 spell levels left.
You knew the following spells:

 Your Spells              Type           Power        Failure   Level  Hunger
a - Corona                Hex            #......      14%         1    ##.....

Your spell library contained the following spells:

 Spells                   Type           Power        Failure   Level  Hunger
 Ensorcelled Hibernation  Hex/Ice        #.....       36%         2    ###....
 Confuse                  Hex            #.......     38%         3    ####...
 Tukima's Dance           Hex            #.......     38%         3    ####...
 Dazzling Spray           Conj/Hex       #.....       58%         3    ####...


Dungeon Overview and Level Annotations

Branches:
Dungeon (2/15)

Altars:
Elyvilon


Innate Abilities, Weirdness & Mutations

Your body is rotting away.
You thrive on raw meat.
You are immune to poison.
You have sharp fingernails.
You are carnivorous and can eat meat at any time.
Your flesh is cold resistant. (rC+)
You are immune to negative energy. (rN+++)
You do not regenerate when monsters are visible.
You are immune to unholy pain and torment.
You can survive without breathing.


Message History

You hit the orc.
The orc is heavily wounded.
The orc misses you. Something barely misses you.
You hit the orc.
You kill the orc!
You have reached level 4!
Something hits you.
* * * LOW HITPOINT WARNING * * *
Something hits you but does no damage.
Things that are here:
a +0 flail; an orc corpse You butcher the orc corpse.
Something barely misses you.
Things that are here:
a +0 flail; 4 chunks of flesh; an orc skeleton Eat one of 4 chunks of flesh? (ye/n/q)
You eat one of the 4 chunks of flesh.
This raw flesh tastes great!
You hear some strange, mumbled words.
A puff of flame appears from out of thin air!
The puff of flame hits you!
You die...

#. ##.....##
.###.##.###.......#
.!....#. #.........
....... +.........
#....? #.........
#.#.. ##.......#
#o#.# ##.....##
#.###.#.# ##...##
#.....@.# ##'##
#####.### ##### #.#
#.######...###.#
#..............##
#####.##...##...##
#.###.##.....## #.#
#.###...... #[# #.#
#..#.## #.#
#.###.##.#


You could see an orc.

Vanquished Creatures
  An orc wizard (D:2)
  An orc (D:2)
  3 bats
  2 giant cockroaches
  A goblin (D:1)
  5 hobgoblins
  7 kobolds
  A quokka (D:2)
  A ball python (D:1)
  2 frilled lizards
  A rat (D:1)
25 creatures vanquished.

Notes
Turn   | Place    | Note
-------+----------+-------------------------------------------
     0 | D:1      | Borgoz the Ghoul Enchanter began the quest for the Orb.
     0 | D:1      | Reached XP level 1. HP: 14/14 MP: 2/2
    93 | D:1      | Reached skill level 1 in Short Blades
   245 | D:1      | Reached XP level 2. HP: 7/20 MP: 3/3
  1243 | D:2      | Found a white marble altar of Elyvilon.
  1453 | D:2      | Reached XP level 3. HP: 13/27 MP: 4/4
  1951 | D:2      | Reached skill level 1 in Fighting
  1955 | D:2      | Reached XP level 4. HP: 4/35 MP: 4/6
  1958 | D:2      | Killed from afar by an orc wizard

Skill      XL: |  1  2  3 |
---------------+----------+-----
Short Blades   | 1 |  1.5
Dodging        | 2 |  2.2
Fighting       | 1 |  1.0
Spellcasting   | 2 |  2.0
Throwing       | |  0.5
Armour         | |  0.6
Stealth        | |  3.5
Hexes          | |  2.6

Action                   |  1- 3 |  4- 6 || total
-------------------------+-------+-------++-------
Melee: Dagger            |   129 |       ||   129
  Use: Potion            |     4 |       ||     4
 Stab: Sleeping          |     5 |       ||     5
  Eat: Chunk             |     8 |     1 ||     9
Armor: Robe              |     2 |       ||     2
       Leather armour    |    44 |     1 ||    45
Dodge: Dodged            |    72 |     1 ||    73
